cohdb
Replays
Latest Replays
All Replays
Popular Replays
Top Player Replays
Match Explorer
How It Works
Community
CoH3 Stats
Reddit
Sign in to upload your games and track your stats! →
Sign in with Steam
Match 39667547
Unlisted
Match 39667547
Overview
Messages
Build Orders
End
Kradschützen Motorcycle Team
Panzergrenadier Squad
Kradschützen Motorcycle Team
Panzergrenadier Squad
Construct Light Support Kompanie
MG34 Team
Construct Mechanized Kompanie
Panzerjäger Mechanized Group
8 Rad Armored Car
Selects Panzerjäger Kommand Battlegroup
Selects Mine Fields
Selects Tank Busters
Selects Defensive Positions
Vehicle Survival Package
8 Rad Armored Car
Tungsten Core Ammunition
Assault Mechanized Group
Combat Half-tracks
Support Armor Elements
StuG III D Assault Gun
Selects Crew Shock Tactics
StuG III D Assault Gun
Panzerjäger Mechanized Group
Emergency Repair Kits
Veteran Squad Leaders
Selects Anti-tank Overwatch
Anti-tank Overwatch
Construct Panzerarmee Kommand
Rapid Advance
Construct Panzerarmee Kommand
Selects Butterfly Bomb Drop
Armored Reserves
Panzer IV Assault Group
Butterfly Bomb Drop
Panzer IV Assault Group
『BlackBear』
drachwal91
0
0
Comments
sign in to comment!
No comments posted yet!